 Seeded DCSS version 0.30-a0-1018-g25214051b3 (webtiles) character file.

Game seed: 10251679214228039280 (custom seed)

256720 bmack86 the Peltast (level 19, -10/182 HPs)
             Began as a Minotaur Fighter on Apr 8, 2023.
             Was the Champion of Okawaru.
             Killed from afar by a titan (13 damage)
             ... with a bolt of lightning
             ... on level 2 of the Vaults.
             The game lasted 01:50:14 (27285 turns).

bmack86 the Peltast (Minotaur Fighter)             Turns: 27285, Time: 01:50:15

Health: -10/182    AC: 44    Str: 33    XL:     19   Next: 8%
Magic:  28/29      EV: 10    Int: 11    God:    Okawaru [******]
Gold:   2244       SH: 19    Dex: 17    Spells: 18/18 levels left

rFire   + + +      SeeInvis .    M - +7 broad axe (flame)
rCold   + + +      Faith    .    w - +2 shield of Resistance {rF++ rC++ Will++}
rNeg    + . .      Spirit   .    H - +7 gold dragon scales
rPois   +          Reflect  .    B - +3 hat of Saclann {rPois rC++ Int+2 Dex-3}
rElec   .          Rampage  .    s - +1 cloak {rCorr}
rCorr   +                        l - +0 pair of gloves of Gluttony {rN+ Regen+ rCorr Dex+3}
Will    +++..                    k - +2 pair of boots Stlth
                                 q - amulet of Gefeutul {Regen+ Stlth+}
HPRegen 2.10/turn                m - ring of Light {Fly rC+ Dex+4 Stlth+}
MPRegen 0.21/turn                D - ring of Zaelocunt {rPois Str+4 Int+4 Dex+3}

@: heroic, flying, studying Dodging, unable to read
A: horns 2, retaliatory headbutt, inability to read after injury 1
}: 2/15 runes: decaying, gossamer
a: Renounce Religion, Heroism, Finesse, Duel


You were on level 2 of the Vaults.
You worshipped Okawaru.
Okawaru was exalted by your worship.
You visited 8 branches of the dungeon, and saw 34 of its levels.
You also visited: Ossuary, Gauntlet and Ice Cave.

You collected 4273 gold pieces.
You spent 2029 gold pieces at shops.

Inventory:

Hand Weapons
 p - a +5 war axe of freezing
 M - a +7 broad axe of flaming (weapon)
 X - a +2 broad axe of pain
Missiles
 n - 3 throwing nets
 r - 13 boomerangs (quivered)
 E - 9 javelins
 G - 7 silver javelins
 Q - 2 silver boomerangs
Armour
 f - a +0 pair of boots of rampaging
 k - a +2 pair of boots (worn)
 l - the +0 pair of gloves of Gluttony (worn) {rN+ Regen+ rCorr Dex+3}
   (Okawaru gifted it to you on level 15 of the Dungeon)

   Dex:       It affects your dexterity (+3).
   rN:        It protects you from negative energy.
   Regen:     It increases your rate of health regeneration.
   rCorr:     It protects you from acid and corrosion.
 s - a +1 cloak of preservation (worn)
 u - the +3 Mad Mage's Maulers {Infuse+∞ VampMP -Cast}
   (Okawaru gifted it to you on level 2 of the Swamp)

   Infuse+∞: It empowers its wearer's blows with all of their magic.
   VampMP:    Blows struck in melee replenish the wearer's magic.
   -Cast:     It prevents spellcasting.
 w - the +2 shield of Resistance (worn) {rF++ rC++ Will++}
   (Okawaru gifted it to you on level 5 of the Lair of Beasts)

   rF:        It greatly protects you from fire.
   rC:        It greatly protects you from cold.
   Will:      It greatly increases your willpower.
 B - the +3 hat of Saclann (worn) {rPois rC++ Int+2 Dex-3}
   (You found it in a Gauntlet)

   Int:       It affects your intelligence (+2).
   Dex:       It affects your dexterity (-3).
   rC:        It greatly protects you from cold.
   rPois:     It protects you from poison.
 H - +7 gold dragon scales (worn)
 K - +2 storm dragon scales {Bai Suzhen}
Jewellery
 b - a +4 ring of slaying
 m - the ring of Light (left hand) {Fly rC+ Dex+4 Stlth+}
   (You acquired it on level 15 of the Dungeon)

   [ring of flight]

   Dex:       It affects your dexterity (+4).
   rC:        It protects you from cold.
   Fly:       It grants you flight.
   Stlth:     It makes you more stealthy.
 q - the amulet of Gefeutul (around neck) {Regen+ Stlth+}
   (You acquired it on level 4 of the Dungeon)

   [amulet of regeneration]

   Regen:     It increases your rate of health regeneration.
   Stlth:     It makes you more stealthy.
 D - the ring of Zaelocunt (right hand) {rPois Str+4 Int+4 Dex+3}
   (You found it on level 9 of the Dungeon)

   [ring of poison resistance]

   Str:       It affects your strength (+4).
   Int:       It affects your intelligence (+4).
   Dex:       It affects your dexterity (+3).
   rPois:     It protects you from poison.
 J - a +5 ring of evasion
 L - a +5 ring of evasion
 R - the ring of Udiesest {+Blink rN+ Dex+6}
   (You found it on level 3 of the Spider Nest)

   [ring of dexterity]

   Dex:       It affects your dexterity (+6).
   rN:        It protects you from negative energy.
   +Blink:    It lets you blink.
Wands
 c - a wand of paralysis (30)
 x - a wand of flame (28)
 O - a wand of digging (5)
 P - a wand of roots (5)
Scrolls
 g - 7 scrolls of fog
 h - 5 scrolls of blinking
 j - 3 scrolls of poison
 o - 11 scrolls of teleportation
 y - 3 scrolls of brand weapon
 F - 4 scrolls of fear
 S - a scroll of amnesia
Potions
 d - 5 potions of magic
 e - 13 potions of curing
 i - 2 potions of flight
 t - 3 potions of berserk rage
 v - 4 potions of resistance
 z - 6 potions of haste
 A - 9 potions of cancellation
 C - 5 potions of invisibility
 I - 10 potions of ambrosia
 N - 2 potions of might
 Y - 8 potions of brilliance


   Skills:
 + Level 19.0(24.0) Fighting
 - Level 18.0(23.0) Axes
 - Level 10.0(15.0) Throwing
 + Level 18.9(23.9) Armour
 + Level 19.1(24.1) Shields
 - Level 15.0 Invocations


You had 18 spell levels left.
You didn't know any spells.
Your spell library contained the following spells:

 Spells                   Type           Power      Damage    Failure   Level
 Beastly Appendage        Tmut           0%         N/A       94%         1
 Freeze                   Ice            0%         1d3       94%         1
 Magic Dart               Conj           0%         1d3       94%         1
 Shock                    Conj/Air       0%         1d3       94%         1
 Blink                    Tloc           0%         N/A       98%         2
 Ensorcelled Hibernation  Hex/Ice        0%         N/A       98%         2
 Lesser Beckoning         Tloc           0%         N/A       98%         2
 Momentum Strike          Conj/Tloc      0%         3d8       98%         2
 Scorch                   Fire           0%         2d5       98%         2
 Wereblood                Tmut           0%         N/A       98%         2
 Frozen Ramparts          Ice            0%         1d1       100%        3
 Hailstorm                Conj/Ice       0%         3d3       100%        3
 Mephitic Cloud           Conj/Pois/Air  0%         N/A       100%        3
 Ozocubu's Armour         Ice            0%         N/A       100%        3
 Spider Form              Tmut/Pois      0%         N/A       100%        3
 Swiftness                Air            0%         N/A       100%        3
 Volatile Blastmotes      Fire/Tloc      0%         2d10      100%        3
 Airstrike                Air            0%         2d(0-16)  100%        4
 Anguish                  Hex/Necr       0%         N/A       100%        4
 Flame Wave               Conj/Fire      0%         2d4       100%        4
 Fulminant Prism          Conj/Hex       0%         3d5       100%        4
 Iskenderun's Mystic Bla  Conj/Tloc      0%         2d3       100%        4
 Manifold Assault         Tloc           0%         N/A       100%        4
 Lee's Rapid Deconstruct  Erth           0%         3d4*      100%        5
 Ozocubu's Refrigeration  Ice            0%         4d7       100%        7
 Storm Form               Tmut/Air       0%         N/A       100%        7
 Chain Lightning          Conj/Air       0%         N/A       100%        9
 Call Imp                 Summ           Unusable   N/A       N/A         2
 Call Canine Familiar     Summ           Unusable   N/A       N/A         3
 Summon Cactus Giant      Summ           Unusable   N/A       N/A         6
 Monstrous Menagerie      Summ           Unusable   N/A       N/A         7

Dungeon Overview and Level Annotations

Branches:
Dungeon (15/15)            Temple (1/1) D:7            Lair (5/5) D:11
  Swamp (4/4) Lair:3       Spider (4/4) Lair:3        Slime (0/5) Lair:4
    Orc (2/2) D:12            Elf (1/3) Orc:2        Vaults (1/5) D:14
 Depths (0/4) D:15        Ossuary (visited)           IceCv (visited)
Gauntlet (visited)

Altars:
Ashenzari
Cheibriados
Dithmenos
Elyvilon
Fedhas
Gozag
Hepliaklqana
Kikubaaqudgha
Okawaru
Qazlal
Ru
Trog
Uskayaw
Wu Jian
Xom
Yredelemnul
Zin
The Shining One

Shops:
D:6 [   D:7 :   Orc:1 *   Orc:2 (?*[   Elf:1 **(?

Annotations:
D:5 3 runed translucent doors, oldplebian's ghost, novice MfGl
Temple 2 transporters
Swamp:1 exclusion: 2 lightning spires


Innate Abilities, Weirdness & Mutations

You have a pair of horns on your head.
You reflexively headbutt those who attack you in melee.
You occasionally lose the ability to read scrolls when taking damage.


Message History

The yaktaur captain hits you but does no damage.
Space warps horribly around you! The sphinx misses you.
You furiously retaliate!
You headbutt the sphinx! The sphinx hits you but does no damage.
You block the sphinx's attack.
You block the sphinx's attack. x2; The sphinx hits you but does no damage.
The frost giant hits you with a +1 battleaxe of freezing!!
The frost giant freezes you.
The deep elf death mage barely misses you.
Electricity crackles from the ironbound thunderhulk's apparatus.
The bolt of lightning hits you!!
* * * LOW HITPOINT WARNING * * *
The yaktaur captain hits you with the +8 falchion of Brawling {distort, rPois rF- Dex+6}!
* * * LOW HITPOINT WARNING * * *
You blink.
Unknown command.
A frost giant opens the door.
Electricity crackles from the ironbound thunderhulk's apparatus.
The bolt of lightning hits you!!!
* * * LOW HITPOINT WARNING * * *
Unknown command.
You feel much better.
A stone giant breaks down the door.
The titan hits you but does no damage.
You feel much better.
The runic seals fade away.
You block the deep elf death mage's attack.
The sphinx mumbles some strange words.
Something smites you!
* * * LOW HITPOINT WARNING * * *
The yaktaur captain barely misses you.
The sphinx casts a spell.
Something smites you!
* * * LOW HITPOINT WARNING * * *
You feel much better.
The deep elf death mage hits you but does no damage.
Electricity crackles from the ironbound thunderhulk's apparatus.
The bolt of lightning hits you!!
You feel threatened and lose the ability to read scrolls!
* * * LOW HITPOINT WARNING * * *
The titan points at you and mumbles some strange words.
The bolt of lightning hits you!
You die...

+++++++'..#..........#
+)./['+'..#..........#
+.=[['''..+..........#
+(:[.''O..#..........#
+(.W.Ce'..############
+++'CppH*.#
++++++pCH..#
''''''eeCcQ#
........@C.#
...........#
###+########


You could see an ironbound preserver, a titan (sheltered), a frost giant
(sheltered), 2 sphinxes, 3 stone giants, a vault warden, an ironbound
thunderhulk, a tengu reaver, a yaktaur captain (sheltered), 3 deep elf death
magi, an ironbound convoker (sheltered), a freezing wraith (sheltered) and a
lost soul (summoned).

Vanquished Creatures
  Mara (Swamp:3)
  the Lernaean hydra (Arena)
  Bai Suzhen (Swamp:3)
  Nikola (Swamp:2)
  Jorgrun (D:14)
  A tentacled monstrosity (Swamp:4)
  Rupert (D:15)
  Agnes (Elf:1)
  Gastronok (Lair:3)
  A thorn hunter (Swamp:4)
  A fenstrider witch (Swamp:4)
  Aizul (Elf:1)
  2 emperor scorpions
  A vault warden (Vaults:1)
  A ghost moth (Spider:4)
  3 ironbound preservers (Vaults:1)
  Louise (Swamp:2)
  7 broodmothers
  A very ugly thing (Vaults:1)
  5 eleionomae
  3 ironbound thunderhulks (Vaults:1)
  9 dire elephants
  A minotaur (Gauntlet)
  A spark wasp (Spider:4)
  6 bunyips
  Snorg (Lair:4)
  A fire dragon (Lair:5)
  A shambling mangrove (Swamp:2)
  Fannar (D:11)
  3 yaktaur captains (Vaults:1)
  2 deep elf high priests
  Josephine (D:12)
  3 entropy weavers
  2 great orbs of eyes (Vaults:1)
  2 vault guards (Vaults:1)
  18 hydras
  An ice dragon (Lair:5)
  Erolcha (D:11)
  2 ghost crabs (Swamp:3)
  2 ironbound frosthearts (Vaults:1)
  5 boulder beetles
  9 alligators
  2 radroaches
  8 centaur warriors
  5 ogre magi
  A jorogumo (Spider:2)
  A death knight (D:14)
  22 two-headed ogres
  5 dancing weapons
  An orc high priest (Orc:2)
  Nergalle (Lair:1)
  8 deep elf knights (Elf:1)
  2 skysharks
  3 pharaoh ants
  2 skeletal warriors (D:15)
  A sun moth (Spider:2)
  2 goliath frogs (Swamp:2)
  4 spriggan druids
  8 orb spiders
  10 deep trolls (Vaults:1)
  4 deep elf archers (Elf:1)
  4 lindwurms
  5 steelbarb worms
  3 ironbound convokers (Vaults:1)
  A wizard (D:14)
  14 swamp dragons
  2 phantasmal warriors
  11 bog bodies
  A necromancer (D:15)
  13 deep elf pyromancers
  5 harpies (Vaults:1)
  9 ugly things
  18 wolf spiders
  An orc knight (D:15)
  6 manticores
  2 frost giant zombies (D:15)
  3 orc sorcerers
  12 deep elf zephyrmancers (Elf:1)
  7 will-o-the-wisps
  6 cyclopes
  3 black mambas
  A moth of wrath (Spider:2)
  A molten gargoyle (Lair:3)
  31 elephants
  2 rust devils (D:6)
  5 demonic crawlers
  A smoke demon (Gauntlet)
  12 torpor snails
  4 vault sentinels
  8 cane toads
  An unseen horror (D:12)
  A spriggan zombie (D:15)
  3 ice statues (IceCv)
  A freezing wraith (IceCv)
  3 rime drakes
  7 yaktaurs (Vaults:1)
  2 gargoyles (D:11)
  12 komodo dragons
  An anaconda simulacrum (IceCv)
  A red devil (Gauntlet)
  An efreet (D:14)
  7 trolls
  3 meliai (D:13)
  A bloated husk (Swamp:3)
  17 hornets
  A queen bee (shapeshifter) (D:13)
  2 polar bears
  11 blink frogs (Lair:4)
  17 tarantellas
  15 tyrant leeches
  2 air elementals (Elf:1)
  15 jumping spiders
  12 culicivoras
  14 slime creatures
  14 spriggans
  A water elemental (Elf:1)
  5 basilisks
  9 wraiths
  5 wyverns
  2 dire elephant simulacra (IceCv)
  2 shadows (D:12)
  35 yaks
  A basilisk (shapeshifter) (D:14)
  33 redbacks
  2 fire bats (Lair:3)
  3 chaos spawn (Gauntlet)
  20 vampire mosquitoes
  A neqoxec (Gauntlet)
  Menkaure (D:7)
  16 swamp worms
  A warg (Orc:2)
  2 steam dragons
  2 two-headed ogre zombies (D:12)
  3 acid dragons
  A hydra simulacrum (IceCv)
  7 water moccasins
  13 orc warriors
  2 sky beasts (D:7)
  9 swamp drakes
  An ice beast (D:7)
  A black bear (Lair:2)
  3 wolves (Lair:3)
  16 centaurs
  28 ogres
  6 phantoms
  Blork the orc (D:4)
  2 elf zombies (Ossuary)
  5 kobold brigands
  10 bullfrogs
  A scorpion (D:6)
  An earth elemental (Elf:1)
  3 cane toad simulacra (IceCv)
  9 wights
  2 troll zombies (D:12)
  6 howler monkeys
  2 electric eels
  2 crimson imps (Gauntlet)
  A lava snake (Orc:1)
  2 human zombies
  2 hounds
  A jelly (D:5)
  15 orc priests
  3 iguanas (D:5)
  23 orc wizards
  4 hell rats (Lair:1)
  A scorpion zombie (D:5)
  A wolf simulacrum (IceCv)
  4 ogre zombies (D:12)
  A hound zombie (D:5)
  2 mummies (Ossuary)
  3 gnolls (D:2)
  14 adders
  13 white imps
  An ufetubus (D:6)
  3 adder zombies (Ossuary)
  3 worms
  5 dart slugs
  63 orcs
  4 ball pythons
  7 endoplasms
  5 giant cockroaches
  3 goblins
  8 hobgoblins
  3 jackals (D:1)
  36 kobolds
  A quokka (D:3)
  2 bats
  2 frilled lizards
  2 goblin skeletons (D:12)
  2 goblin zombies
  18 hobgoblin zombies
  A jackal zombie (Ossuary)
  5 kobold zombies (Ossuary)
  5 orc skeletons (D:12)
  19 orc zombies
  8 rats
  4 rat zombies (Ossuary)
1128 creatures vanquished.

Vanquished Creatures (others)
  A deep elf archer (Elf:1)
  A deep elf zephyrmancer (Elf:1)
  A bloated husk (Swamp:2)
  A swamp drake (Lair:5)
  An iguana (Lair:5)
  An orc wizard (D:10)
  2 ball lightnings (Swamp:1)
  3 briar patches (Swamp:4)
  23 foxfires
  27 fungi
  59 plants
  3 withered plants (D:15)
123 creatures vanquished.

Grand Total: 1251 creatures vanquished

Notes
Turn   | Place    | Note
-------+----------+-------------------------------------------
     0 | D:1      | bmack86 the Minotaur Fighter began the quest for the Orb.
     0 | D:1      | Reached XP level 1. HP: 19/19 MP: 0/0
   109 | D:1      | Reached XP level 2. HP: 23/27 MP: 1/1
   594 | D:2      | Reached XP level 3. HP: 29/33 MP: 2/2
   814 | D:2      | Reached XP level 4. HP: 34/37 MP: 3/3
   862 | D:2      | Found a faded altar of an unknown god.
  1616 | D:3      | Reached skill level 1 in Throwing
  1620 | D:3      | Reached XP level 5. HP: 28/47 MP: 4/4
  1773 | D:3      | Found an opulent altar of Gozag.
  1968 | D:3      | Reached XP level 6. HP: 55/55 MP: 5/5
  2001 | D:3      | Reached skill level 5 in Axes
  2330 | D:3      | Found a glowing silver altar of Zin.
  2511 | D:3      | Found a broken altar of Ashenzari.
  2611 | D:4      | Identified 3 scrolls of acquirement
  2611 | D:4      | Acquired the amulet of Gefeutul {Regen+ Stlth+}
  2701 | D:4      | Found a sacrificial altar of Ru.
  2740 | D:4      | Found a sand-covered staircase.
  2754 | Ossuary  | Entered an ossuary
  2862 | Ossuary  | Acquired the ring of Xuitumao {rPois Stlth+}
  2865 | Ossuary  | Acquired a +5 war axe of freezing
  2909 | Ossuary  | Reached skill level 5 in Fighting
  2909 | Ossuary  | Reached skill level 5 in Armour
  2909 | Ossuary  | Reached skill level 5 in Shields
  2998 | Ossuary  | Reached XP level 7. HP: 61/61 MP: 6/6
  3357 | D:4      | Identified the +5 ring mail of the Boiling Point {+Inv
                  | rElec}
  3467 | D:4      | Noticed Blork the orc
  3478 | D:4      | Killed Blork the orc
  3599 | D:4      | Found an ornate altar of the Wu Jian Council.
  3771 | D:5      | Entered Level 5 of the Dungeon
  3771 | D:5      | Found a runed translucent gate.
  3771 | D:5      | Found a runed translucent gate.
  3771 | D:5      | Found a runed translucent gate.
  3773 | D:5      | Found an opulent altar of Gozag.
  3773 | D:5      | Noticed a gargoyle
  3778 | D:5      | Noticed oldplebian's ghost (novice MfGl)
  4047 | D:5      | Found a basalt altar of Yredelemnul.
  4192 | D:5      | Reached XP level 8. HP: 70/70 MP: 7/7
  4227 | D:5      | Found an iron altar of Okawaru.
  4237 | D:5      | Became a worshipper of Warmaster Okawaru
  4790 | D:6      | Reached skill level 1 in Invocations
  5203 | D:6      | Found Alerim's Armour Boutique.
  5308 | D:7      | Found Posoud's Vocational Training.
  5365 | D:7      | Reached * piety under Okawaru
  5425 | D:7      | Found a glowing golden altar of the Shining One.
  5598 | D:7      | Found a bloodstained altar of Trog.
  5691 | D:7      | Found a staircase to the Ecumenical Temple.
  5702 | Temple   | Entered the Ecumenical Temple
  5702 | Temple   | Found a transporter.
  5702 | Temple   | Found a transporter.
  5758 | D:7      | Noticed Menkaure
  5764 | D:7      | Killed Menkaure
  5765 | D:7      | Reached XP level 9. HP: 24/78 MP: 9/9
  5997 | D:7      | Reached ** piety under Okawaru
  6019 | D:6      | Noticed a rust devil
  6019 | D:6      | Noticed a rust devil
  6031 | D:6      | Killed a rust devil
  6044 | D:6      | Killed a rust devil
  6156 | D:6      | Bought a +1 plate armour of poison resistance for 384 gold
                  | pieces
  6325 | D:8      | Reached skill level 5 in Throwing
  6344 | D:8      | Reached *** piety under Okawaru
  6490 | D:8      | Found a blossoming altar of Fedhas.
  6499 | D:8      | Found a snail-covered altar of Cheibriados.
  6541 | D:8      | Noticed a two-headed ogre
  6548 | D:8      | Killed a two-headed ogre
  6549 | D:8      | Reached skill level 10 in Axes
  6549 | D:8      | Reached XP level 10. HP: 85/88 MP: 8/12
  6645 | D:8      | Noticed an elephant
  6656 | D:8      | Killed an elephant
  6663 | D:8      | Noticed an elephant
  6675 | D:8      | Killed an elephant
  6675 | D:8      | Reached **** piety under Okawaru
  6943 | D:8      | Noticed an elephant
  6952 | D:8      | Killed an elephant
  7252 | D:9      | Identified the ring of Zaelocunt {rPois Str+4 Int+4 Dex+3}
  7289 | D:9      | Acquired a +2 broad axe of flaming
  7483 | D:9      | Found an ancient bone altar of Kikubaaqudgha.
  7805 | D:10     | Entered Level 10 of the Dungeon
  7805 | D:10     | Noticed a two-headed ogre
  7810 | D:10     | Killed a two-headed ogre
  7811 | D:10     | Reached skill level 5 in Invocations
  7823 | D:10     | Reached XP level 11. HP: 86/95 MP: 11/13
  7869 | D:10     | Reached ***** piety under Okawaru
  7894 | D:10     | Received a gift from Okawaru
  7900 | D:10     | Noticed a two-headed ogre
  7911 | D:10     | Killed a two-headed ogre
  7911 | D:10     | Received a gift from Okawaru
  8068 | D:10     | Found a hide-covered altar of Uskayaw.
  8112 | D:10     | Found a hazy altar of Hepliaklqana.
  8113 | D:10     | Found a shimmering altar of Xom.
  8114 | D:10     | Noticed a red ugly thing
  8211 | D:10     | Identified the +9 ring mail "Zaapah" {Str+5}
  8562 | D:11     | Noticed a two-headed ogre
  8573 | D:11     | Killed a two-headed ogre
  8573 | D:11     | Received a gift from Okawaru
  8593 | D:11     | Noticed Erolcha
  8601 | D:11     | Killed Erolcha
  8701 | D:11     | Noticed a boulder beetle
  8719 | D:11     | Identified the +7 battleaxe of Demonic Valiance {venom,
                  | rElec rPois rCorr Int-5} (Okawaru gifted it to you on level
                  | 11 of the Dungeon)
  8719 | D:11     | Received a gift from Okawaru
  8744 | D:11     | Killed a boulder beetle
  9128 | D:11     | Found a staircase to the Lair.
  9209 | D:11     | Noticed Fannar
  9214 | D:11     | Killed Fannar
  9301 | D:11     | Identified the +4 war axe of Psychosis {freeze, rF+ rN+
                  | Dex+4}
  9493 | D:12     | Reached XP level 12. HP: 100/106 MP: 15/15
  9494 | D:12     | Reached skill level 10 in Shields
  9747 | D:12     | Found a staircase to the Orcish Mines.
  9747 | D:12     | Noticed Josephine
  9756 | D:12     | Reached skill level 10 in Fighting
  9792 | D:12     | Killed Josephine
  9792 | D:12     | Identified the +0 robe of Responsibility {+Inv Dex+3}
                  | (Okawaru gifted it to you on level 12 of the Dungeon)
  9792 | D:12     | Received a gift from Okawaru
  9793 | D:12     | Reached skill level 10 in Armour
  9816 | D:12     | Reached ****** piety under Okawaru
 10148 | D:13     | Noticed a boulder beetle
 10158 | D:13     | Killed a boulder beetle
 10167 | D:13     | Noticed a two-headed ogre
 10173 | D:13     | Killed a two-headed ogre
 10209 | D:13     | Noticed a two-headed ogre
 10217 | D:13     | Killed a two-headed ogre
 10280 | D:13     | Noticed a centaur warrior
 10286 | D:13     | Killed a centaur warrior
 10350 | D:13     | Noticed a centaur warrior
 10353 | D:13     | Noticed a centaur warrior
 10358 | D:13     | Killed a centaur warrior
 10362 | D:13     | Killed a centaur warrior
 10434 | D:13     | Noticed a two-headed ogre
 10442 | D:13     | Killed a two-headed ogre
 10541 | D:13     | Received a gift from Okawaru
 10556 | D:13     | Reached XP level 13. HP: 37/116 MP: 17/17
 11393 | D:14     | Noticed Jorgrun
 11414 | D:14     | Killed Jorgrun
 11415 | D:14     | Reached skill level 15 in Axes
 11764 | D:14     | Found a gate to the Vaults.
 12142 | D:14     | Received a gift from Okawaru
 12352 | D:15     | Entered Level 15 of the Dungeon
 12352 | D:15     | Noticed Rupert
 12362 | D:15     | Killed Rupert
 12397 | D:15     | Found a gate leading to a gauntlet.
 12402 | D:15     | Received a gift from Okawaru
 12411 | D:15     | Received a gift from Okawaru
 12475 | Gauntlet | Entered a Gauntlet
 12475 | Gauntlet | Found a transporter.
 12475 | Gauntlet | Found a transporter.
 12476 | Gauntlet | Found a transporter.
 12477 | Gauntlet | Found a transporter.
 12478 | Gauntlet | Found a transporter.
 12480 | Gauntlet | Found a transporter.
 12486 | Gauntlet | Found a transporter.
 12489 | Gauntlet | Found a transporter.
 12491 | Gauntlet | Found a transporter.
 12492 | Gauntlet | Found a transporter.
 12492 | Gauntlet | Noticed a cacodemon
 12499 | Gauntlet | Found a transporter.
 12499 | Gauntlet | Found a transporter.
 12499 | Gauntlet | Noticed a dire elephant
 12525 | Gauntlet | Found a runed translucent door.
 12757 | Gauntlet | Reached XP level 14. HP: 113/126 MP: 19/19
 12800 | Gauntlet | Identified the +3 hat of Saclann {rPois rC++ Int+2 Dex-3}
 12894 | Gauntlet | Identified the staff of fire "Xitzugue" {rF+ rN+ Str+4
                  | Int+3 Stlth+}
 13101 | D:15     | Identified the +0 pair of gloves of Gluttony {rN+ Regen+
                  | rCorr Dex+3} (Okawaru gifted it to you on level 15 of the
                  | Dungeon)
 13101 | D:15     | Received a gift from Okawaru
 13115 | D:15     | Found a staircase to the Depths.
 13175 | D:15     | Acquired the ring of Light {Fly rC+ Dex+4 Stlth+}
 13796 | Lair:1   | Entered Level 1 of the Lair of Beasts
 13829 | Lair:1   | Found a frozen archway.
 13852 | IceCv    | Entered an ice cave
 13971 | IceCv    | Got the Volume of Activism
 14183 | Lair:1   | Reached skill level 10 in Throwing
 14221 | Lair:1   | Noticed Nergalle
 14232 | Lair:1   | Killed Nergalle
 15342 | Lair:3   | Found a staircase to the Swamp.
 15445 | Lair:3   | Received a gift from Okawaru
 15511 | Lair:3   | Found a hole to the Spider Nest.
 15632 | Lair:3   | Noticed Gastronok
 15653 | Lair:3   | Killed Gastronok
 16304 | Lair:2   | Found a transporter.
 16317 | Lair:2   | Found a transporter.
 16442 | Lair:4   | Noticed Snorg
 16454 | Lair:4   | Killed Snorg
 16455 | Lair:4   | Reached XP level 15. HP: 124/135 MP: 21/21
 16455 | Lair:4   | Found a staircase to the Slime Pits.
 16671 | Lair:4   | Reached skill level 10 in Invocations
 17134 | Lair:5   | Entered Level 5 of the Lair of Beasts
 17240 | Lair:5   | Received a gift from Okawaru
 17240 | Lair:5   | Found the +2 shield of Resistance {rF++ rC++ Will++}
 17710 | Lair:5   | Found a runed translucent door.
 17851 | Lair:5   | Acquired 282 gold pieces
 18481 | Orc:1    | Entered Level 1 of the Orcish Mines
 18784 | Orc:1    | Found Coebiama's Mayhem Merchandise.
 19077 | Orc:2    | Entered Level 2 of the Orcish Mines
 19083 | Orc:2    | Found a staircase to the Elven Halls.
 19249 | Orc:2    | Found Tubena Onle's Assorted Antiques.
 19249 | Orc:2    | Found Moeteinn's Antique Weapon Shoppe.
 19249 | Orc:2    | Found Ucovifow's Antique Armour Emporium.
 19249 | Orc:2    | Found Jompitig's Magic Scroll Boutique.
 19299 | Orc:2    | Received a gift from Okawaru
 19399 | Orc:2    | Reached XP level 16. HP: 147/147 MP: 23/23
 19518 | Orc:2    | Bought a runed plate armour for 728 gold pieces
 19519 | Orc:2    | Bought an embroidered cloak for 232 gold pieces
 19519 | Orc:2    | Bought 2 potions of heal wounds for 310 gold pieces
 19521 | Orc:2    | Bought a scroll of blinking for 127 gold pieces
 19521 | Orc:2    | Bought a scroll of amnesia for 68 gold pieces
 19559 | Orc:2    | Received a gift from Okawaru
 19562 | Orc:2    | Gained mutation: You occasionally lose the ability to read
                  | scrolls when taking damage. [a neqoxec]
 19667 | Elf:1    | Entered Level 1 of the Elven Halls
 19804 | Elf:1    | Found Putweoj's Weapon Emporium.
 19872 | Elf:1    | Paralysed by an air elemental for 1 turns
 19996 | Elf:1    | Noticed Agnes
 20012 | Elf:1    | Killed Agnes
 20147 | Elf:1    | Paralysed by an air elemental for 1 turns
 20167 | Elf:1    | Reached skill level 15 in Shields
 20177 | Elf:1    | Reached skill level 15 in Fighting
 20221 | Elf:1    | Noticed Aizul
 20236 | Elf:1    | Killed Aizul
 20328 | Elf:1    | Found Maskotob's General Store.
 20330 | Elf:1    | Found Otelop's Specific Store.
 20338 | Elf:1    | Bought a scroll of teleportation for 54 gold pieces
 20399 | Elf:1    | Reached skill level 15 in Armour
 20553 | Elf:1    | Found Soytoyff's Magic Scroll Shop.
 20557 | Elf:1    | Bought a scroll of enchant armour for 90 gold pieces
 20557 | Elf:1    | Bought a scroll of teleportation for 36 gold pieces
 20635 | Elf:1    | Received a gift from Okawaru
 21118 | Swamp:1  | Entered Level 1 of the Swamp
 22137 | Swamp:2  | Received a gift from Okawaru
 22137 | Swamp:2  | Found the +3 Mad Mage's Maulers {Infuse+∞ VampMP -Cast}
 22287 | Swamp:2  | Noticed Louise
 22308 | Swamp:2  | Killed Louise
 22450 | Swamp:2  | Noticed Nikola
 22469 | Swamp:2  | Killed Nikola
 22716 | Swamp:3  | Noticed Bai Suzhen
 22726 | Swamp:3  | Killed Bai Suzhen
 22792 | Swamp:3  | Noticed Mara
 22795 | Swamp:3  | Noticed bmack86's illusion
 22864 | Swamp:3  | Killed Mara
 22865 | Swamp:3  | Reached XP level 17. HP: 35/158 MP: 25/25
 23393 | Swamp:4  | Entered Level 4 of the Swamp
 23418 | Swamp:4  | Identified the +8 chain mail of the Queen of Pentacles
                  | {rPois Str-5 Dex+4} (Okawaru gifted it to you on level 4 of
                  | the Swamp)
 23418 | Swamp:4  | Received a gift from Okawaru
 23434 | Swamp:4  | Noticed the 27-headed Lernaean hydra
 23507 | Arena    | Entered the Arena
 23509 | Arena    | Killed the 21-headed Lernaean hydra
 23591 | Swamp:4  | Got a decaying rune of Zot
 23893 | Swamp:4  | Noticed a tentacled monstrosity
 23905 | Swamp:4  | Killed a tentacled monstrosity
 24103 | Swamp:4  | Identified the +3 buckler of Cemep {Stlth+} (Okawaru gifted
                  | it to you on level 4 of the Swamp)
 24103 | Swamp:4  | Received a gift from Okawaru
 24309 | Spider:1 | Entered Level 1 of the Spider Nest
 24611 | Spider:2 | Reached XP level 18. HP: 166/170 MP: 27/27
 24949 | Spider:3 | Identified the ring of Udiesest {+Blink rN+ Dex+6}
 24999 | Spider:3 | Received a gift from Okawaru
 25033 | Spider:3 | Identified the +1 robe of Twilight {rElec Str-5 Stlth+}
 25231 | Spider:4 | Entered Level 4 of the Spider Nest
 25290 | Spider:4 | Identified the +0 hat of Fout Qug {Fly SInv} (Okawaru
                  | gifted it to you on level 4 of the Spider Nest)
 25290 | Spider:4 | Received a gift from Okawaru
 25479 | Spider:4 | Got a gossamer rune of Zot
 26105 | Vaults:1 | Entered Level 1 of the Vaults
 26447 | Vaults:1 | Reached skill level 15 in Invocations
 26834 | Vaults:1 | Received a gift from Okawaru
 27029 | Vaults:1 | Reached XP level 19. HP: 181/181 MP: 29/29
 27034 | Vaults:1 | Received a gift from Okawaru
 27245 | Vaults:1 | You are sucked into a shaft and drop 1 floor!
 27266 | Vaults:2 | Found a huge runed gate.
 27266 | Vaults:2 | Found a huge runed gate.
 27266 | Vaults:2 | Found a huge runed gate.
 27266 | Vaults:2 | Found a huge runed gate.
 27266 | Vaults:2 | Found a huge runed gate.
 27266 | Vaults:2 | Found a huge runed gate.
 27266 | Vaults:2 | Found a huge runed gate.
 27267 | Vaults:2 | Found a huge runed gate.
 27267 | Vaults:2 | Found a huge runed gate.
 27267 | Vaults:2 | Found a huge runed gate.
 27274 | Vaults:2 | Identified the +8 falchion of Brawling {distort, rPois rF-
                  | Dex+6}
 27282 | Vaults:2 | HP: 2/182 [ironbound thunderhulk/bolt of lightning (43)]
 27285 | Vaults:2 | Killed from afar by a titan

Illustrated notes

Levels and vault maps discovered:
D:1:      eino_arrival_cavern_b, layout_rooms, amethyst_killhole
D:2:      layout_loops_cross, hellmonk_ecumenical_altar_heavens_door
D:3:      layout_basic, lemuel_coloured_pillars_altar,
          nicolae_gozag_cash_rules_everything_around_me, old_standard_altar,
          grunt_ministairs_10, supply_closet_lemuel, nrook_mini_vaults,
          nicolae_half_adder
D:4:      layout_loops_ring, kennysheep_mini_moat, lemuel_doored_altar,
          chequers_ossuary_entry_cave, minmay_strange_pillars,
          minmay_close_crescents, uniq_blork_the_orc
D:5:      layout_basic, mainiacjoe_overflow_boulevard,
          lemuel_zombie_altar_yredelemnul, ebering_ghost_gozag,
          minmay_fountain_box
D:6:      cheibrodos_iron_armory, layout_loops_ring, serial_shops,
          nicolae_shop_behind_doors, sigmund_army
D:7:      layout_loops_ring, mainiacjoe_overflow_chevrons,
          mainiacjoe_overflow_paths, temple_green, nicolae_shop_vocational,
          uniq_menkaure
D:8:      wad_woods_settlement, layout_basic, mainiacjoe_overflow_swirl
D:9:      layout_rooms, lemuel_tele_altar, hangedman_decor_slide_cut
D:10:     layout_irregular_city, regret_index_temple_of_mockery,
          nicolae_uskayaw_dance_hall, serial_bayou_pond_b
D:11:     kennysheep_big_flooded_room, layout_basic, lair_entry_dummy,
          uniq_erolcha, uniq_fannar
D:12:     layout_loops_cross, zombieorc2_lemuel, uniq_josephine
D:13:     layout_long_grid, hangedman_corner_corridor
D:14:     wad_cavern_with_rooms, layout_basic, erik_vaults_1, uniq_jorgrun
D:15:     gammafunk_depths_entry_grave, layout_small_grid, hex_tiny,
          gauntlet_entry_generic, uniq_rupert
Temple:   hellmonk_temple_divided_pantheon
Lair:1:   layout_small_grid, portal_ice_cave_entry_imps,
          infiniplex_staircase_pool, grunt_megastairs_1, lemuel_fruit_tree,
          uniq_nergalle
Lair:2:   gammafunk_boulding_lane, layout_hall_layers,
          grunt_forest_small_clearing_treed
Lair:3:   layout_gridlike, minmay_swamp_entry_wisps,
          spider_nest_entry_web_field, uniq_gastronok
Lair:4:   layout_loops_ring, slime_entry_1, uniq_snorg
Lair:5:   guppyfry_lair_end_dragon, layout_cave_pods, wormcave
Swamp:1:  layout_basic_swamp, serial_swamp_ruin, hangedman_swamp_ruin_wall,
          evilmike_swamp_ruin_house_3, evilmike_swamp_ruin_house_5,
          hangedman_swamp_phenomena
Swamp:2:  layout_basic_swamp, evilmike_swamp_ruin_house_2, swamp_pool1,
          uniq_nikola, uniq_louise
Swamp:3:  layout_falls_marsh, evilmike_swamp_ruin_house_4, uniq_mara,
          uniq_bai_suzhen
Swamp:4:  grunt_swamp_rune_castle, layout_basic_swamp, swamp_pool2,
          nicolae_swamp_bloodsuckers_inc, uniq_donald
Spider:1: layout_spider_delve
Spider:2: layout_spider_delve
Spider:3: nicolae_spider_brood_tunnel, nicolae_spider_spiderdrome
Spider:4: hellmonk_spider_rune_endless_swarm
Orc:1:    layout_caves, minmay_shop_mayhem, nicolae_orc_lava_tube
Orc:2:    st_orc_ogre_mass, layout_caves
Elf:1:    layout_geoelf_octagon, serial_shops, shop,
          nicolae_shop_hallway_stairs, kennysheep_underground_church,
          nicolae_specific_store, uniq_aizul, uniq_agnes
Vaults:1: v_rooms_3, v_misc_5, vaults_standard_mumra_enter_the_diamond,
          hangedman_vaults_stitches, hangedman_vaults_pinch, v_rooms_5,
          ontoclasm_vaults_ring_large, grunt_vaults_bifocal,
          hangedman_vaults_stretched_pinwheel, v_misc_19,
          nicolae_vaults_murderbox, grunt_vaults_hallway_short,
          nicolae_vaults_little_squares_3, layout_vaults_ring
Vaults:2: gammafunk_ghost_smash, v_misc_28, door_vault, v_misc_15,
          grunt_vaults_hallway_long, nicolae_vaults_network_barrier,
          vaults_room_large_hall, grunt_vaults_swirl,
          vaults_dpeg_emergency_exit, nicolae_vaults_shelves_hall,
          minmay_crypt_entry_nasty_monster, nicolae_vaults_circle_grid_b,
          ontoclasm_vaults_chip, ontoclasm_vaults_fault, layout_vaults_omnibox

Skill      XL: |  1  2  3  4  5  6  7  8  9 10 11 12 13 14 15 16 17 18 19 |
---------------+----------------------------------------------------------+-----
Axes           | 3 4 5 6 8 10 11 13 14 15 17 18 | 18.0
Shields        | 4 5 6 7 8 9 11 12 13 14 16 17 18 19 | 19.1
Fighting       | 4 5 6 7 8 9 11 12 13 14 16 17 18 19 | 19.0
Armour         | 4 5 6 7 8 9 10 11 12 14 16 17 18 | 18.9
Throwing       | 1 2 3 4 5 6 7 8 9 10 | 10.0
Invocations    | 2 4 5 6 7 8 9 11 12 14 15 | 15.0

Action                     |  1- 3 |  4- 6 |  7- 9 | 10-12 | 13-15 | 16-18 | 19-21 || total
---------------------------+-------+-------+-------+-------+-------+-------+-------++-------
  Melee: War axe           |    51 |   145 |   194 |    92 |       |       |       ||   482
         Headbutt          |     8 |    17 |    22 |    81 |   249 |   311 |    10 ||   698
         Broad axe         |       |       |       |   322 |   861 |  1197 |    33 ||  2413
  Throw: Dart              |     3 |     2 |       |       |       |       |       ||     5
         Boomerang         |       |     3 |     4 |    43 |    21 |    78 |     4 ||   153
 Invoke: Heroism           |       |       |     2 |     5 |     5 |     4 |     1 ||    17
         Finesse           |       |       |       |     1 |     4 |     4 |       ||     9
         Duel              |       |       |       |       |       |     1 |       ||     1
  Evoke: Wand              |       |       |       |       |       |     1 |       ||     1
    Use: Potion            |       |     1 |     1 |       |     2 |     9 |     3 ||    16
         Scroll            |       |     9 |     9 |    12 |    13 |    15 |       ||    58
   Stab: Sleeping          |       |       |     4 |     5 |     3 |       |       ||    12
         Distracted        |       |       |       |     1 |       |       |       ||     1
         Confused          |       |       |       |       |     1 |     2 |       ||     3
 Armour: Scale mail        |    31 |    68 |     6 |       |       |       |       ||   105
         Ring mail         |       |       |    34 |   112 |   140 |       |       ||   286
         Chain mail        |       |       |     9 |       |       |       |       ||     9
         Plate armour      |       |       |    56 |   113 |       |       |       ||   169
         Gold dragon scale |       |       |       |       |   532 |  1157 |    31 ||  1720
  Dodge: Dodged            |    25 |    67 |    73 |   131 |   220 |   315 |    16 ||   847
  Block: Buckler           |    14 |    27 |    28 |   104 |   248 |       |       ||   421
         Kite shield       |       |       |       |       |   184 |  1173 |    30 ||  1387

Table legend: (Time is in decaauts)
 A = Elapsed time spent in this place.
 B = Non-inter-level travel time spent in this place.
 C = Inter-level travel time spent in this place.
 D = Time resting spent in this place.
 E = Time spent auto-exploring this place.
 F = Levels seen in this place.
 G = Mean time per level.
                   A        B        C        D        E       F      G
               +--------+--------+--------+--------+--------+-----+--------+
         Total |  26889 |  25499 |   1390 |    742 |  14802 |  38 |  707.6 |
       Dungeon |  13211 |  12551 |    660 |    390 |   8482 |  15 |  880.7 |
        Temple |      1 |      1 |      0 |      0 |      0 |   1 |    1.0 |
          Lair |   4550 |   4140 |    410 |      0 |   2841 |   5 |  910.0 |
         Swamp |   2987 |   2825 |    162 |     88 |   1343 |   4 |  746.8 |
   Spider Nest |   1618 |   1596 |     22 |    111 |    284 |   4 |  404.5 |
  Orcish Mines |   1163 |   1129 |     34 |     10 |    483 |   2 |  581.5 |
   Elven Halls |   1284 |   1186 |     98 |    118 |    572 |   1 | 1284.0 |
        Vaults |   1134 |   1134 |      0 |      0 |    714 |   2 |  567.0 |
       Ossuary |    286 |    286 |      0 |      0 |      9 |   1 |  286.0 |
      Ice Cave |    168 |    168 |      0 |      0 |      0 |   1 |  168.0 |
      Gauntlet |    462 |    462 |      0 |     25 |     74 |   1 |  462.0 |
         Arena |     21 |     21 |      0 |      0 |      0 |   1 |   21.0 |
               +--------+--------+--------+--------+--------+-----+--------+

Top non-repeatable levels by time:
   Elf:1: 1284 daAuts
  Lair:5: 1217 daAuts
     D:3: 1214 daAuts
    D:14: 1170 daAuts
    D:13: 1104 daAuts
Vaults:1: 1096 daAuts
  Lair:3: 1075 daAuts
    D:11: 926 daAuts
     D:2: 924 daAuts
     D:8: 910 daAuts
 Swamp:1: 907 daAuts
     D:4: 901 daAuts
  Lair:1: 865 daAuts
    D:15: 859 daAuts
     D:6: 857 daAuts
